 Dungeon Crawl Stone Soup version 0.18-a0-816-g97f838e (webtiles) character file.

137 pario the Chiller (level 5, -3/31 HPs)
             Began as a High Elf Ice Elementalist on Dec 13, 2015.
             Was an Initiate of Vehumet.
             Killed from afar by an orc wizard (10 damage)
             ... with a magic dart
             ... on level 3 of the Dungeon on Dec 15, 2015.
             The game lasted 00:57:09 (3719 turns).

pario the Chiller (High Elf Ice Elementalist)       Turns: 3719, Time: 00:57:09

Health: -3/31      AC:  3    Str:  7      XL:     5   Next: 0%
Magic:  3/12       EV: 12    Int: 20      God:    Vehumet [......]
Gold:   181        SH:  0    Dex: 13 (15) Spells: 2 memorised, 9 levels left

rFire  . . .     SeeInvis .     n - -1 dagger (curse)
rCold  . . .     Clarity  .     a - +0 robe
rNeg   . . .     SustAt   .     (no shield)
rPois  .         Gourm    .     (no helmet)
rElec  .         Spirit   .     s - +0 cloak
rCorr  .         Dismiss  .     (no gloves)
rMut   .         Stasis   .     (no boots)
MR     .....                    (no amulet)
Stlth  ++........               (no ring)
                                (no ring)

@: slowed, very slow, not resistant to hostile enchantments, unstealthy
A: no striking features
a: Renounce Religion


You were on level 3 of the Dungeon.
You worshipped Vehumet.
Vehumet was noncommittal.
You were not hungry.

You visited 1 branch of the dungeon, and saw 4 of its levels.

You collected 181 gold pieces.

Inventory:

Hand Weapons
 f - a +0 mace
 j - a +2 hunting sling of flaming
 n - a cursed -1 dagger (weapon)
Missiles
 t - 76 stones (quivered)
Armour
 a - a +0 robe (worn)
 i - a +0 robe
 o - a +0 robe
 s - a +0 cloak (worn)
 u - a +0 leather armour
Jewellery
 p - an uncursed amulet of dismissal {unknown}
Scrolls
 h - a scroll of fear
 x - a scroll of noise {unknown}
Potions
 d - 2 potions of curing {unknown}
 e - a potion of haste {unknown}
 k - a potion of ambrosia {unknown}
 l - 2 potions of degeneration
 m - a potion of might {unknown}
 r - a potion of poison {unknown}
 v - 2 potions of lignification {unknown}
 w - 2 potions of flight {unknown}
Books
 b - a book of Frost

   Spells                             Type                      Level
   a - Freeze                         Ice                          1
   b - Throw Frost                    Conjuration/Ice              2
   c - Ozocubu's Armour               Charms/Ice                   3
   d - Throw Icicle                   Conjuration/Ice              4
   e - Summon Ice Beast               Ice/Summoning                4
   f - Condensation Shield            Ice                          4
Comestibles
 c - 3 bread rations


   Skills:
 + Level 0.2 Fighting
 + Level 2.5 Dodging
 + Level 2.6 Stealth
 + Level 4.1 Spellcasting
 + Level 1.2 Conjurations
 + Level 4.3 Ice Magic


You had 9 spell levels left.
You knew the following spells:

 Your Spells              Type           Power        Failure   Level  Hunger
a - Freeze                Ice            ###.         2%          1    None
b - Throw Frost           Conj/Ice       ###...       10%         2    #......


Dungeon Overview and Level Annotations

Branches:
Dungeon (4/15)
 Temple: D:4-7

Altars:
Ashenzari
Elyvilon
Gozag
Okawaru
Pakellas
Qazlal
Vehumet
Xom

Shops:
D:2 *


Message History

You hit the orc wizard but do no damage.
The orc wizard is severely wounded.
The orc wizard hits you but does no damage.
The orc wizard hits you with a dagger. x2
You hit the orc wizard but do no damage.
The orc wizard is severely wounded.
The orc wizard misses you. x2
You hit the orc wizard.
The orc wizard is almost dead.
The orc wizard hits you but does no damage.
The orc wizard gestures wildly while chanting.
The orc wizard blinks!
The orc wizard points at you and mumbles some strange words.
The magic dart hits you! The orc wizard casts a spell at you.
The magic dart hits you!
* * * LOW HITPOINT WARNING * * *
The orc wizard points at you and mumbles some strange words.
The magic dart hits you!
You die...

#.####..#### #.... #<#
#..# #.### #.# #†.# #.# #
#.# #..# #.# # #.# #.o#
#.# # #.# #..#########)##
######.####.....[.....#.##
#...........##########.>..
#.####.#.@..# #.### #.#
#.#.#### #.#
########.####.#.## #.#
#.......>........# #.#
#.).÷....#.#..#..# #.#
#....#####.#).#..#######
#.#
#.....o.................
#.#
.....#####.##.#...###.##
#.# ..#.## #.##...)..)....
#.###


You could see an orc wizard.

Vanquished Creatures
  A worker ant (D:2)
  3 adders
  2 worms (D:2)
  7 orcs
  8 hobgoblins
  2 quokkas
  A ball python (D:2)
  9 bats
  3 giant cockroaches
  3 giant geckos
  2 giant newts (D:3)
  11 goblins
  11 kobolds
  11 rats
74 creatures vanquished.

Notes
Turn   | Place    | Note
--------------------------------------------------------------
     0 | D:1      | pario the High Elf Ice Elementalist began the quest for the Orb.
     0 | D:1      | Reached XP level 1. HP: 11/11 MP: 4/4
    47 | D:1      | Upgraded the game from 0.18-a0-775-g4d9e04e to 0.18-a0-801-gb01a236
    55 | D:1      | Upgraded the game from 0.18-a0-801-gb01a236 to 0.18-a0-816-g97f838e
   155 | D:1      | Reached XP level 2. HP: 17/17 MP: 3/6
   881 | D:2      | Found a white marble altar of Elyvilon.
  1025 | D:2      | Reached XP level 3. HP: 3/21 MP: 5/8
  1360 | D:2      | Found Gozag's Platinum Reserve.
  1574 | D:2      | Reached skill level 4 in Ice Magic
  1608 | D:2      | Found an oddly glowing altar of Pakellas.
  1793 | D:2      | Found an opulent altar of Gozag.
  2094 | D:4      | HP: 1/21 [orc/short sword (1)]
  2280 | D:2      | Reached XP level 4. HP: 15/27 MP: 5/10
  2952 | D:3      | Learned a level 2 spell: Throw Frost
  3041 | D:3      | Found a shattered altar of Ashenzari.
  3052 | D:3      | Found a shimmering altar of Xom.
  3052 | D:3      | Found an iron altar of Okawaru.
  3054 | D:3      | Found a stormy altar of Qazlal.
  3054 | D:3      | Found a radiant altar of Vehumet.
  3102 | D:3      | Became a worshipper of Vehumet
  3674 | D:3      | Reached XP level 5. HP: 31/31 MP: 3/12
  3719 | D:3      | Killed from afar by an orc wizard

Vault maps used:
D:1:      ncdulo_smallfort, minmay_misc_feat_x
D:2:      nicolae_gozag_zags_fifth_avenue, grunt_pakellas_mercury,
          nicolae_overflow_crystal_walls
D:3:      grunt_temple_overflow_open
D:4:      nemelex_xobeh_ov_fountains_minmay, minivault_11

Action                   |  1- 3 |  4- 6 || total
-------------------------+-------+-------++-------
Melee: Unarmed           |     6 |       ||     6
       Dagger            |     4 |    24 ||    28
 Cast: Freeze            |    75 |    18 ||    93
       Throw Frost       |       |    33 ||    33
  Use: Scroll            |     5 |     1 ||     6
       Potion            |     2 |     2 ||     4
  Eat: Chunk             |     2 |     1 ||     3
       Meat ration       |     1 |       ||     1
       Bread ration      |       |     1 ||     1
